cohdb
Replays
Latest Replays
All Replays
Popular Replays
Top Player Replays
Match Explorer
How It Works
Community
CoH3 Stats
Reddit
Sign in to upload your games and track your stats! →
Sign in with Steam
Match 42103612
Unlisted
Match 42103612
Overview
Messages
Build Orders
End
Kradschützen Motorcycle Team
Panzergrenadier Squad
Panzergrenadier Squad
Construct Light Support Kompanie
Selects Italian Infantry
Selects Defensive Operations
MG34 Team
Fire Support Elements
le.IG 18 Support Gun Team
Flakvierling Half-track
Selects Guastatori Squad
2.5-tonne Medical Truck
Pak 38 Anti-tank Gun Team
Guastatori Squad
Selects Registered Artillery
Construct Panzerarmee Kommand
Advanced Field Repairs
Selects Towed Cannone da 105/28 Field Howitzer
Towed Cannone da 105/28 Field Howitzer
Armored Reserves
Registered Artillery
Tiger Heavy Tank
Nukepapa
(CB7) (DU)(7-4-7)(B0iz)
Leeroy
Tubby
0
0
Comments
sign in to comment!
No comments posted yet!